 Dungeon Crawl Stone Soup version 0.26-a0-712-ga5a9c9c9d0 (webtiles) character file.

Game seed: 8710559804600081581

14 Apogee the Shield-Bearer (level 2, 26/27 HPs)
             Began as a Minotaur Fighter on Nov 2, 2020.
             Quit the game on level 1 of the Dungeon.
             The game lasted 00:00:28 (581 turns).

Apogee the Shield-Bearer (Minotaur Fighter)          Turns: 581, Time: 00:00:29

Health: 26/27      AC:  7    Str: 20    XL:     2   Next: 31%
Magic:  1/1        EV:  7    Int:  5    God:
Gold:   7          SH:  9    Dex:  9    Spells: 1/1 levels left

rFire    . . .     SeeInvis .   a - +0 war axe
rCold    . . .     Faith    .   c - +0 kite shield
rNeg     . . .     Spirit   .   b - +0 scale mail
rPois    .         Reflect  .   (helmet restricted)
rElec    .         Harm     .   (no cloak)
rCorr    .         Rampage  .   (no gloves)
MR       .....                  (no boots)
Stlth    ..........             (no amulet)
HPRegen  0.09/turn              (no ring)
MPRegen  0.07/turn              (no ring)

@: no status effects
A: retaliatory headbutt, horns 2
a: no special abilities


You were on level 1 of the Dungeon.
You visited 1 branch of the dungeon, and saw 1 of its levels.

You collected 7 gold pieces.

Inventory:

Hand Weapons
 a - a +0 war axe (weapon)
Armour
 b - a +0 scale mail (worn)
 c - a +0 kite shield (worn)
Scrolls
 e - a scroll of amnesia {unknown}
Potions
 d - a potion of might


   Skills:
 + Level 3.8 Fighting
 * Level 3.0 Axes
 + Level 3.8 Armour
 + Level 3.8 Shields


You had one spell level left.
You didn't know any spells.
Your spell library was empty.

Dungeon Overview and Level Annotations

Branches:
Dungeon (1/15)

Altars:


Innate Abilities, Weirdness & Mutations

You reflexively headbutt those who attack you in melee.
You have a pair of horns on your head.


Message History

You kill the rat!
No target in view!
No target in view!
No target in view!
No target in view!
You see here a rat corpse.
A frilled lizard comes into view.
The frilled lizard hisses angrily.
Found a scroll labeled JAEGOK VEFRIB.
A frilled lizard is nearby!
A frilled lizard is nearby!
You block the frilled lizard's attack.
A frilled lizard is nearby!
You miss the frilled lizard. The frilled lizard barely misses you.
You furiously retaliate!
You headbutt the frilled lizard!
You kill the frilled lizard!
No target in view!
A bat comes into view.
You block the bat's attack.
Found a scroll labeled WUARAI ICOFUGA and a hunting sling.
Found a stone staircase leading down.
The bat hits you.
Found 16 gold pieces.
A bat is nearby!
Your scale mail prevents you from hitting the bat.
Your headbutt misses the bat. The bat hits you but does no damage.
A bat is nearby!
You miss the bat. The bat hits you but does no damage. The bat hits you.
A bat is nearby!
The bat hits you but does no damage. You block the bat's attack.
A bat is nearby!
You closely miss the bat. Your headbutt misses the bat.
The bat closely misses you.
A bat is nearby!
You block the bat's attack.
A bat is nearby!
A jackal comes into view.
The jackal barks!
You block the bat's attack.
There are monsters nearby!
There are monsters nearby!
You barely miss the bat. The bat closely misses you.
A jackal comes into view.
The bat hits you but does no damage.
A jackal comes into view.
There are monsters nearby!
You barely miss the bat.
The jackal barks! x2
The bat hits you but does no damage. You block the bat's attack.
There are monsters nearby!

....#.# #.#.# ####
###...# #.#.# #.. #
#...# #.#.# #.# # #...#
#.#.####?# #
#...###.#......#
###............#.#
).†..........#...#####.#
###..##.##†..#.....?...#
#..##.##.#####@..).###
#..........#..b.#.##
##.##.####.#.##h# #
#.##.# ... $> #.##.#
#.... ..h #.##.#
#.###...h# # #.##.# #.
.#.# # #.##.# # .#.# #
#.##.#


You could see 3 jackals and a bat.

Vanquished Creatures
  A dart slug (D:1)
  A ball python (D:1)
  2 goblins (D:1)
  2 hobgoblins (D:1)
  A kobold (D:1)
  A bat (D:1)
  2 frilled lizards (D:1)
  2 rats (D:1)
12 creatures vanquished.

Notes
Turn   | Place    | Note
-------+----------+-------------------------------------------
     0 | D:1      | Apogee the Minotaur Fighter began the quest for the Orb.
     0 | D:1      | Reached XP level 1. HP: 19/19 MP: 0/0
   268 | D:1      | Reached XP level 2. HP: 7/27 MP: 1/1
   581 | D:1      | Quit the game

Illustrated notes

Levels and vault maps discovered:
D:1:      onia_arrival_handbag, layout_loops_ring, minmay_lizard_pond

Skill      XL: |  1  2 |
---------------+-------+-----
Axes           | 3 |  3.0
Fighting       | |  3.8
Armour         | |  3.8
Shields        | |  3.8

Action                   || total
-------------------------++-------
Melee: War axe           ||    39
       Headbutt          ||     1
Armor: Scale mail        ||    13
Dodge: Dodged            ||     9
Block: Kite shield       ||    29

Table legend: (Time is in decaauts)
 A = Elapsed time spent in this place.
 B = Non-inter-level travel time spent in this place.
 C = Inter-level travel time spent in this place.
 D = Time resting spent in this place.
 E = Time spent auto-exploring this place.
 F = Levels seen in this place.
 G = Mean time per level.
                   A        B        C        D        E       F      G
               +--------+--------+--------+--------+--------+-----+--------+
         Total |    597 |    597 |      0 |      0 |    503 |   1 |  597.0 |
       Dungeon |    597 |    597 |      0 |      0 |    503 |   1 |  597.0 |
               +--------+--------+--------+--------+--------+-----+--------+

Top non-repeatable levels by time:
     D:1: 597 daAuts
